 Dungeon Crawl Stone Soup version 0.21.0-3-g78d12a8 (webtiles) character file.

473 Gigax the Insei (level 7, -5/46 HPs)
             Began as an Octopode Monk on Jan 9, 2018.
             Slain by a hornet zombie (7 damage)
             ... on level 5 of the Dungeon.
             The game lasted 00:07:17 (4547 turns).

Gigax the Insei (Octopode Monk)                     Turns: 4547, Time: 00:07:18

Health: -5/46      AC:  1    Str: 12    XL:     7   Next: 10%
Magic:  7/7        EV: 14    Int: 13    God:
Gold:   279        SH:  0    Dex: 14    Spells: 6/6 levels left

rFire    + . .     SeeInvis .     - Unarmed
rCold    . . .     Gourm    .   (no shield)
rNeg     . . .     Faith    .   (helmet restricted)
rPois    .         Spirit   .   (no amulet)
rElec    .         Reflect  .   i - ring of protection from fire
rCorr    .         Harm     .   (no ring)
MR       .....                  (no ring)
Stlth    +++.......             (no ring)
HPRegen  0.15/turn              (no ring)
MPRegen  0.10/turn              (no ring)
                                (no ring)
                                (no ring)

@: no status effects
A: almost no armour, stealthy swim, amphibious, 8 rings, constrict 8, camouflage
1, gelatinous body 1
a: no special abilities


You were on level 5 of the Dungeon.
You were not hungry.

You visited 1 branch of the dungeon, and saw 5 of its levels.

You collected 279 gold pieces.

Inventory:

Jewellery
 c - an uncursed amulet of harm
 i - a ring of protection from fire (left tentacle)
Wands
 e - a wand of enslavement (11)
Scrolls
 b - 4 scrolls of remove curse
 g - 3 scrolls of teleportation
Potions
 d - 3 potions of brilliance
 k - a potion of flight {unknown}
Comestibles
 a - 4 rations
 f - a chunk of flesh


   Skills:
 - Level 3.0 Fighting
 - Level 3.0 Dodging
 - Level 2.6 Stealth
 * Level 7.8 Unarmed Combat


You had 6 spell levels left.
You didn't know any spells.

Dungeon Overview and Level Annotations

Branches:
Dungeon (5/15)
 Temple: D:4-7

Altars:


Innate Abilities, Weirdness & Mutations

You cannot wear most types of armour.
You are very stealthy in the water. (Stealth+)
You are amphibious.
You can wear up to eight rings at the same time.
You can use your tentacles to constrict eight enemies at once.
Your skin changes colour to match your surroundings (Stealth+).
Your rubbery body absorbs attacks. (AC +1, EV +1)


Message History

The orc wizard hits you with a dagger of holy wrath.
Huge Dmg: -29%(-13hp) hp: 35%(16hp)
You tentacle-slap the orc wizard but do no damage.
You grab the orc wizard.
The orc wizard is almost dead.
You constrict the hornet zombie. You constrict the orc wizard.
The hornet zombie hits you!
* * * LOW HITPOINT WARNING * * *
The orc completely misses you.
Huge Dmg: -21%(-10hp) hp: 14%(6hp)
You bludgeon the orc wizard!
You kill the orc wizard!
You constrict the hornet zombie. The hornet zombie misses you.
The orc hits you with a dagger.
* * * LOW HITPOINT WARNING * * *
Huge Dmg: -9%(-4hp) hp: 5%(2hp)
You tentacle-slap the hornet zombie.
The hornet zombie is severely damaged.
You constrict the hornet zombie. The hornet zombie hits you!
You die...

###..#..#....#...######
...##########....#....###+#
...# #.#'##......... ...#
##...#......... ...#
#....#........ ...#
#....#........ ...#
##...'....# #### #...#....#
#.)@#....# #.oZ#....#
#...'....# #####..!.#
......# ....##### ...o..
....oo ....Z.


You could see an orc and a hornet zombie.

Vanquished Creatures
  Grinder (D:4)
  An iguana (D:5)
  2 orc wizards (D:5)
  2 worker ants
  A hound skeleton (D:4)
  3 adders
  A shadow imp (D:5)
  2 oozes (D:2)
  3 worms (D:2)
  A dart slug (D:1)
  5 leopard geckos
  7 orcs
  3 giant cockroaches
  4 goblins
  11 hobgoblins
  5 jackals
  10 kobolds
  A quokka (D:4)
  A ball python (D:1)
  4 bats
  3 frilled lizards
  7 rats
78 creatures vanquished.

Vanquished Creatures (others)
  The ghost of Ignatius881 the Magician, a weakling DEWz (D:3)
1 creature vanquished.

Grand Total: 79 creatures vanquished

Notes
Turn   | Place    | Note
-------+----------+-------------------------------------------
     0 | D:1      | Gigax the Octopode Monk began the quest for the Orb.
     0 | D:1      | Reached XP level 1. HP: 16/16 MP: 1/1
   159 | D:1      | Reached XP level 2. HP: 18/21 MP: 2/2
   352 | D:1      | Reached skill level 4 in Unarmed Combat
   441 | D:1      | Reached XP level 3. HP: 22/26 MP: 3/3
  1581 | D:2      | Reached XP level 4. HP: 11/31 MP: 4/4
  1814 | D:2      | Reached skill level 5 in Unarmed Combat
  2602 | D:3      | Reached XP level 5. HP: 26/36 MP: 5/5
  2693 | D:3      | Noticed Ignatius881's ghost (weakling DEWz)
  2901 | D:3      | Your ally Ignatius881 died
  3423 | D:4      | Reached skill level 6 in Unarmed Combat
  3426 | D:4      | Noticed Grinder
  3433 | D:4      | Paralysed by Grinder for 4 turns
  3458 | D:4      | Killed Grinder
  3458 | D:4      | Reached skill level 7 in Unarmed Combat
  3458 | D:4      | Reached XP level 6. HP: 13/42 MP: 6/6
  4212 | D:5      | Entered Level 5 of the Dungeon
  4538 | D:5      | Reached XP level 7. HP: 45/46 MP: 7/7
  4546 | D:5      | HP: 2/46 [orc/dagger (4)]
  4547 | D:5      | Slain by a hornet zombie

Skill      XL: |  1  2  3  4  5 |
---------------+----------------+-----
Unarmed Combat | 4 5 7 |  7.8
Fighting       | |  3.0
Dodging        | |  3.0
Stealth        | |  2.6

Action                   |  1- 3 |  4- 6 |  7- 9 || total
-------------------------+-------+-------+-------++-------
Melee: Unarmed           |    92 |   113 |     9 ||   214
       Constrict         |    28 |    31 |     2 ||    61
       Tentacles         |    16 |    29 |     2 ||    47
       Punch             |     1 |     3 |       ||     4
Evoke: Wand              |       |     1 |       ||     1
  Use: Scroll            |       |     9 |       ||     9
       Potion            |       |     3 |       ||     3
 Stab: Sleeping          |     4 |     5 |       ||     9
       Distracted        |       |     1 |       ||     1
  Eat: Chunk             |     2 |     3 |       ||     5
       Ration            |       |     2 |       ||     2
Armor: Skin              |    12 |     6 |       ||    18
Dodge: Dodged            |    67 |    48 |     6 ||   121
